 Dungeon Crawl Stone Soup version 0.31-a0-236-g9a0961fb85 (webtiles) character file.

Game seed: 11507680450602458159

114 qw the Shooter (level 4, -3/26 HPs)
             Began as a Gargoyle Hexslinger on July 10, 2023.
             Slain by Edmund
             ... wielding a +2 dire flail of holy wrath
              (5 damage)
             ... on level 4 of the Dungeon.
             The game lasted 00:00:37 (2239 turns).

qw the Shooter (Gargoyle Hexslinger)                Turns: 2239, Time: 00:00:37

Health: -3/26      AC: 13    Str: 11    XL:     4   Next: 97%
Magic:  5/5        EV: 10    Int: 14    God:
Gold:   80         SH:  0    Dex: 14    Spells: 4/5 levels left

rFire   . . .        Y - +3 sling
rCold   . . .        (no shield)
rNeg    + + .        b - +4 ring mail
rPois   inf          h - +1 hat
rElec   +            (no cloak)
rCorr   .            (no gloves)
SInv    .            (no boots)
Will    .....        (no amulet)
Stlth   +            i - ring of positive energy
HPRegen 0.24/turn    (no ring)
MPRegen 0.09/turn

%: no passive effects
@: no status effects
A: sickness immunity, AC +3, negative energy resistance 1, electricity
resistance, torment resistance 1, petrification resistance
a: no special abilities


You were on level 4 of the Dungeon.
You visited 1 branch of the dungeon, and saw 4 of its levels.

You collected 80 gold pieces.


Innate Abilities, Weirdness & Mutations

You are immune to sickness and miasma.
Your stone body is resilient. (AC +3)
You are immune to poison.
You resist negative energy. (rN+)
You are resistant to electric shocks. (rElec)
You are resistant to unholy torment.
You are immune to petrification.


   Skills:
 - Level 2.2 Fighting
 + Level 4.3 Ranged Weapons
 - Level 1.3 Armour
 - Level 1.5 Dodging
 - Level 1.0 Spellcasting
 - Level 2.6 Hexes


You had 4 spell levels left.
You knew the following spells:

 Your Spells              Type           Power      Damage    Failure   Level
a - Slow                  Hex            32%        N/A       21%         1

Your spell library contained the following spells:

 Spells                   Type           Power      Damage    Failure   Level
 Inner Flame              Hex/Fire       4%         N/A       71%         3
 Portal Projectile        Hex/Tloc       8%         N/A       71%         3
 Cause Fear               Hex            4%         N/A       90%         4

Inventory:

Hand Weapons
 Y - a +3 sling (weapon)
Armour
 b - a +4 ring mail (worn)
 h - a +1 hat (worn)
Jewellery
 i - a ring of positive energy (left hand)
Scrolls
 a - a scroll of teleportation {unknown}
 c - a scroll of identify
Potions
 d - a potion of enlightenment {unknown}
 e - a potion of ambrosia {unknown}
 f - a potion of cancellation {unknown}

Dungeon Overview and Level Annotations

Branches:
Dungeon (4/15)
 Temple: D:4-7

Altars:
Cheibriados
Hepliaklqana

Annotations:
D:4 Edmund


Message History

The sling bullet closely misses the adder.
The adder bites you but does no damage.
You shoot a sling bullet.
The sling bullet barely misses the adder.
The adder bites you but does no damage.
You shoot a sling bullet. The sling bullet hits the adder!
The adder is severely wounded.
The adder bites you but does no damage. x2
You shoot a sling bullet.
The sling bullet closely misses the adder.
The adder bites you but does no damage. The adder barely misses you.
You shoot a sling bullet. The sling bullet hits the adder.
You kill the adder!
Your Armour skill increases to level 1!
Edmund the Younger comes into view.
He is wielding a +2 dire flail of holy wrath.
Edmund shouts!
Enter note: You shoot a sling bullet.
The sling bullet barely misses Edmund.
Edmund closely misses you.
You shoot a sling bullet. The sling bullet hits Edmund!
Edmund is lightly wounded.
Edmund hits you with a +2 dire flail of holy wrath!
Edmund closely misses you.
You shoot a sling bullet. The sling bullet closely misses Edmund.
Edmund hits you but does no damage.
You shoot a sling bullet. The sling bullet barely misses Edmund.
Edmund hits you but does no damage.
You shoot a sling bullet. The sling bullet barely misses Edmund.
Edmund barely misses you. Edmund hits you but does no damage.
You shoot a sling bullet. The sling bullet barely misses Edmund.
Edmund hits you with a +2 dire flail of holy wrath!
You shoot a sling bullet.
The sling bullet completely misses Edmund.
Edmund barely misses you.
You shoot a sling bullet. The sling bullet hits Edmund.
Edmund is moderately wounded.
Edmund closely misses you.
You shoot a sling bullet. The sling bullet barely misses Edmund.
Edmund hits you with a +2 dire flail of holy wrath. x2
You die...

..# ... .... ##
.....#.
.....#.#####
.......#...#
......@#.#.#
.......@.#.#
.....#.....#####
#+# #...#.#...# #
#######.#._.#.#.#
#.......#...#.#.#
#.###.%.##¤##...
#....#¤#.>#.#
#....#.#.##.#
###......##.#


You could see Edmund.

Vanquished Creatures
  Jessica (D:2)
  An orc wizard (D:3)
  3 adders
  A dart slug (D:3)
  2 orcs (D:3)
  2 endoplasms
  2 giant cockroaches (D:1)
  3 hobgoblins
  3 kobolds
  A quokka (D:2)
  5 ball pythons
  6 bats
  A frilled lizard (D:3)
  3 rats
34 creatures vanquished.

Notes
Turn   | Place    | Note
-------+----------+-------------------------------------------
     0 | D:1      | qw the Gargoyle Hexslinger began the quest for the Orb.
     0 | D:1      | Reached XP level 1. HP: 12/12 MP: 2/2
     0 | D:1      | 0 ||| qw: Version: 0.3-a-52-g30416fa
     0 | D:1      | 0 ||| qw: Game counter: 4852
     0 | D:1      | 0 ||| qw: Melee chars always use a shield: true
     0 | D:1      | 0 ||| qw: God list: Okawaru
     0 | D:1      | 0 ||| qw: Allow faded altars: false
     0 | D:1      | 0 ||| qw: Do Orc after clearing Dungeon:15 true
     0 | D:1      | 0 ||| qw: Do second Lair branch before Depths: true
     0 | D:1      | 0 ||| qw: Lair rune preference: random
     0 | D:1      | 0 ||| qw: Goals: Normal
     0 | D:1      | 0 ||| PLANNING D:1-11
   150 | D:1      | 150 ||| SWAPPING to +3 sling.
   154 | D:1      | 154 ||| DROPPING +1 sling.
   381 | D:1      | Reached XP level 2. HP: 16/16 MP: 3/3
  1035 | D:1      | 1035 ||| UPGRADING to +0 ring mail.
  1045 | D:1      | 1045 ||| DROPPING +0 robe.
  1046 | D:1      | 1046 ||| DROPPING +0 leather armour.
  1047 | D:1      | 1047 ||| UPGRADING to ring of positive energy.
  1048 | D:1      | 1048 ||| DROPPING ring of wizardry.
  1049 | D:1      | 1049 ||| READING scroll labelled QOSTRO ESOUG.
  1050 | D:1      | 1050 ||| DROPPING scroll of poison.
  1110 | D:2      | Reached skill level 3 in Ranged Weapons
  1371 | D:2      | Reached XP level 3. HP: 21/21 MP: 4/4
  1392 | D:2      | Noticed Jessica
  1395 | D:2      | Killed Jessica
  1445 | D:2      | 1445 ||| UPGRADING to +1 hat.
  1450 | D:2      | 1450 ||| READING scroll labelled REAFFIUVAR.
  1451 | D:2      | 1451 ||| READING scroll labelled SOXORO XULO.
  1452 | D:2      | 1452 ||| READING 2 scrolls labelled NISISTUCHA.
  1453 | D:2      | 1453 ||| DROPPING scroll of blinking.
  1475 | D:3      | Reached XP level 4. HP: 23/26 MP: 5/5
  1502 | D:3      | Reached skill level 4 in Ranged Weapons
  1628 | D:3      | Found a snail-covered altar of Cheibriados.
  2092 | D:3      | 2092 ||| UPGRADING to +4 ring mail.
  2102 | D:3      | 2102 ||| DROPPING +0 ring mail.
  2207 | D:4      | Found a hazy altar of Hepliaklqana.
  2222 | D:4      | Reached skill level 1 in Armour
  2230 | D:4      | Noticed Edmund
  2239 | D:4      | HP: 2/26 [Edmund/+2 dire flail of holy wrath (6)]
  2239 | D:4      | Slain by Edmund

Levels and vault maps discovered:
D:1:      minmay_arrival_hallway, layout_basic, serial_curves, eino_curves_03,
          eino_curves_01, minmay_misc_feat_roman, chequers_serial_rivers_small_3
D:2:      layout_rooms, uniq_jessica
D:3:      layout_loops_ring, mainiacjoe_overflow_paths
D:4:      layout_basic, nzn_hepliaklqana_mist_gate, uniq_edmund,
          uniq_crazy_yiuf_cottage, uniq_menkaure

Skill      XL: |  1  2  3  4 |
---------------+-------------+-----
Ranged Weapons | 3 4 |  4.3
Fighting       | 2 |  2.2
Armour         | 1 |  1.3
Dodging        | |  1.5
Spellcasting   | |  1.0
Hexes          | |  2.6

Action                     |  1- 3 |  4- 6 || total
---------------------------+-------+-------++-------
   Fire: Sling             |    58 |    56 ||   114
    Use: Scroll            |     4 |       ||     4
 Armour: Robe              |     8 |       ||     8
         Ring mail         |     4 |    25 ||    29
  Dodge: Dodged            |    15 |    17 ||    32

Table legend:
 A = Non-vault XP
 B = Vault XP
 C = Vault XP percentage of total XP
 D = Non-vault monster count
 E = Vault monster count
 F = Vault count percentage of total count
                 A         B        C        D         E       F
            +---------+---------+-------+---------+---------+-------
      Total |     126 |      37 |  22.7 |      33 |       1 |   2.9
            +---------+---------+-------+---------+---------+-------
        D:1 |      14 |       0 |   0.0 |       9 |       0 |   0.0
        D:2 |      27 |      37 |  57.8 |      10 |       1 |   9.1
        D:3 |      71 |       0 |   0.0 |      13 |       0 |   0.0
        D:4 |      14 |       0 |   0.0 |       1 |       0 |   0.0
            +---------+---------+-------+---------+---------+-------
